 Dungeon Crawl Stone Soup version 0.23.0-3-gf3c87f2 (webtiles) character file.

Game seed: 9248928984962005652

38 Kairos the Sneak (level 3, -1/17 HPs)
             Began as a Vine Stalker Enchanter on Feb 24, 2019.
             Slain by Terence
             ... wielding a +0 short sword
              (3 damage)
             ... on level 2 of the Dungeon.
             The game lasted 00:02:34 (1460 turns).

Kairos the Sneak (Vine Stalker Enchanter)           Turns: 1460, Time: 00:02:35

Health: -1/17      AC:  2    Str: 11    XL:     3   Next: 43%
Magic:  0/7        EV: 12    Int: 15    God:
Gold:   71         SH:  0    Dex: 14    Spells: 5/6 levels left

rFire    . . .     SeeInvis .   a - +1 dagger
rCold    . . .     Gourm    .   (no shield)
rNeg     . . .     Faith    .   b - +0 robe
rPois    .         Spirit   +   (no helmet)
rElec    .         Reflect  .   (no cloak)
rCorr    .         Harm     .   (no gloves)
MR       .....                  (no boots)
Stlth    +++.......             (no amulet)
HPRegen  0.05/turn              (no ring)
MPRegen  0.10/turn              (no ring)

@: hasted, very quick
A: fangs 2, magic shield, antimagic bite, no potion heal 3, rot immunity
a: no special abilities


You were on level 2 of the Dungeon.
You were near starving.

You visited 1 branch of the dungeon, and saw 2 of its levels.

You collected 71 gold pieces.

Inventory:

Hand Weapons
 a - a +1 dagger (weapon)
 h - a +0 hunting sling
Missiles
 j - 41 stones (quivered)
Armour
 b - a +0 robe (worn)
Scrolls
 c - 2 scrolls of remove curse {unknown}
 e - a scroll of fear {unknown}
 f - a scroll of fog {unknown}
 g - 2 scrolls of identify {unknown}
Potions
 k - a potion of curing {unknown}
 l - 2 potions of ambrosia {unknown}
Comestibles
 d - 3 rations


   Skills:
 + Level 0.5 Fighting
 + Level 1.2 Short Blades
 + Level 2.1 Dodging
 + Level 4.0 Stealth
 + Level 2.3 Spellcasting
 + Level 3.3 Hexes


You had 5 spell levels left.
You knew the following spells:

 Your Spells              Type           Power        Failure   Level  Hunger
a - Corona                Hex            ##.....      5%          1    #......

Your spell library contained the following spells:

 Spells                   Type           Power        Failure   Level  Hunger
 Ensorcelled Hibernation  Hex/Ice        #.....       17%         2    ###....
 Confuse                  Hex            ##......     17%         3    ###....
 Tukima's Dance           Hex            ##......     17%         3    ###....
 Dazzling Spray           Conj/Hex       #.....       32%         3    ###....


Dungeon Overview and Level Annotations

Branches:
Dungeon (2/15)

Altars:

Annotations:
D:2 Terence


Innate Abilities, Weirdness & Mutations

You have extremely sharp teeth.
When hurt, damage is shared between your health and your magic reserves.
Your bite disrupts and absorbs the magic of your enemies.
Potions cannot restore your health.
You are immune to rotting.


Message History

Terence screams, "I want your blood!"
There is an open door here.
You see here a stone.
It was a potion of haste.
You feel yourself speed up.
You hit Terence but do no damage. Your bite misses Terence.
Terence is moderately wounded.
Terence closely misses you.
You hit Terence. You bite Terence, but do no damage.
Terence is moderately wounded.
Terence barely misses you.
You hit Terence.
Terence is moderately wounded.
You closely miss Terence. You bite Terence. You drain his power.
You feel invigorated.
Terence is heavily wounded.
Terence hits you but does no damage.
You hit Terence. You bite Terence, but do no damage.
Terence is severely wounded.
Terence hits you with a +0 short sword.
You die...

#.....)..##....#.#.......
#..........[.....########
#................#
#................#
#.......<........#
########.........#
#...........#
#######.....#.....#
#........@..#.....#
#..).....@..#.....#
#.......#K###.....#
#.......#.(##.....#
#.......#...'.....#
#........##..#.....#
#........#...........
#........#'#..(.#.##.
.##'###......#(# .#


You could see Terence and a kobold.

Vanquished Creatures
  2 dart slugs
  4 giant cockroaches (D:1)
  6 goblins
  2 hobgoblins (D:1)
  4 jackals (D:1)
  A kobold (D:2)
  A ball python (D:1)
  5 bats
  6 rats (D:1)
31 creatures vanquished.

Notes
Turn   | Place    | Note
-------+----------+-------------------------------------------
     0 | D:1      | Kairos the Vine Stalker Enchanter began the quest for the
                  | Orb.
     0 | D:1      | Reached XP level 1. HP: 9/9 MP: 4/4
    98 | D:1      | Reached skill level 1 in Short Blades
   448 | D:1      | Reached XP level 2. HP: 12/13 MP: 6/6
   871 | D:1      | Reached XP level 3. HP: 15/17 MP: 7/7
  1224 | D:2      | Noticed Terence
  1377 | D:2      | Reached skill level 4 in Stealth
  1460 | D:2      | Slain by Terence

Skill      XL: |  1  2  3 |
---------------+----------+-----
Short Blades   | 1 |  1.2
Dodging        | 2 |  2.1
Stealth        | 4 |  4.0
Fighting       | |  0.5
Spellcasting   | |  2.3
Hexes          | |  3.3

Action                   || total
-------------------------++-------
Melee: Dagger            ||   106
       Bite              ||    27
Throw: Stone             ||     4
 Cast: Corona            ||     1
  Use: Potion            ||     1
 Stab: Sleeping          ||     5
Armor: Robe              ||    30
Dodge: Dodged            ||    80
